TOP OF THE 1ST |
Bristol Pirates batting - Pitching for Kingsport Mets : RHP Sandro Fibonacci
|
Pitching: RHP Sandro Fibonacci
|
|
Batting: SHB Don Hauk
|
0-0: Called Strike 0-1: Called Strike 0-2: Foul Ball, location: 2F 0-2: Foul Ball, location: 2F 0-2: Ball 1-2: Ball 2-2: Strikes out swinging
|
Batting: RHB Pete Hutton
|
0-0: Ball 1-0: Ball 2-0: Foul Ball, location: 2F 2-1: Swinging Strike 2-2: Foul Ball, location: 2F 2-2: Foul Ball, location: 2F 2-2: SINGLE (Groundball, 4MD, EV 105.0 MPH)
|
Batting: LHB Randy Boone
|
0-0: Called Strike 0-1: Ball Wild Pitch! Pete Hutton to second 1-1: Called Strike 1-2: Ground out 4-3 (Groundball, 34, EV 90.6 MPH) Pete Hutton to third
|
Batting: RHB Randy Bergman
|
0-0: Called Strike 0-1: Called Strike 0-2: Ball Passed Ball! Pete Hutton scores 1-2: Strikes out swinging
|
Top of the 1st over - 1 run, 1 hit, 0 errors, 0 left on base; Bristol 1 - Kingsport 0 |
BOTTOM OF THE 1ST |
Kingsport Mets batting - Pitching for Bristol Pirates : LHP Alfredo Carranza
|
Pitching: LHP Alfredo Carranza
|
|
Batting: SHB Tyler Maddux
|
0-0: Ball 1-0: Bunt for hit to 25 - play at first, batter OUT! 5-3
|
Batting: RHB Andy Carrell
|
0-0: Ball 1-0: Ball 2-0: Swinging Strike 2-1: Called Strike 2-2: Strikes out swinging
|
Batting: SHB Nick Daigle
|
0-0: Swinging Strike 0-1: Foul Ball, location: 2F 0-2: Foul Ball, location: 2F 0-2: Ball 1-2: Foul Ball, location: 2F 1-2: Ball 2-2: DOUBLE (Groundball, 5L, EV 104.4 MPH)
|
Batting: LHB Dan Bremseth
|
0-0: Ball Wild Pitch! Nick Daigle to third 1-0: Foul Ball, location: 2F 1-1: Called Strike 1-2: Strikes out swinging
|
Bottom of the 1st over - 0 runs, 1 hit, 0 errors, 1 left on base; Bristol 1 - Kingsport 0 |
TOP OF THE 2ND |
Bristol Pirates batting - Pitching for Kingsport Mets : RHP Sandro Fibonacci
|
Batting: RHB Alain Marquet
|
0-0: Ball 1-0: Ball 2-0: Called Strike 2-1: Foul Ball, location: 2F 2-2: Strikes out swinging
|
Batting: RHB Frank Elizondo
|
0-0: Ball 1-0: Ball 2-0: Foul Ball, location: 2F 2-1: Foul Ball, location: 2F 2-2: Fly out, F9 (Flyball, 9S, EV 93.1 MPH)
|
Batting: RHB Andrew DeRicco
|
0-0: Swinging Strike 0-1: Ball 1-1: Foul Ball, location: 2F 1-2: Foul Ball, location: 2F 1-2: Foul Ball, location: 2F 1-2: Foul Ball, location: 2F 1-2: Strikes out looking
|
Top of the 2nd over - 0 runs, 0 hits, 0 errors, 0 left on base; Bristol 1 - Kingsport 0 |
BOTTOM OF THE 2ND |
Kingsport Mets batting - Pitching for Bristol Pirates : LHP Alfredo Carranza
|
Batting: LHB Miguel Ramos
|
0-0: Ball 1-0: Ball 2-0: Swinging Strike 2-1: Ground out U3 (Groundball, 3L, EV 102.5 MPH)
|
Batting: LHB Matt Baker
|
0-0: Ball 1-0: Called Strike 1-1: Ball 2-1: Foul Ball, location: 2F 2-2: Strikes out swinging
|
Batting: RHB Coltin Nellis
|
0-0: Called Strike 0-1: Ball 1-1: Ground out 6-3 (Groundball, 6, EV 91.2 MPH)
|
Bottom of the 2nd over - 0 runs, 0 hits, 0 errors, 0 left on base; Bristol 1 - Kingsport 0 |
TOP OF THE 3RD |
Bristol Pirates batting - Pitching for Kingsport Mets : RHP Sandro Fibonacci
|
Batting: RHB Rob Colley
|
0-0: Ball 1-0: Ball 2-0: Ball 3-0: Called Strike 3-1: Base on Balls
|
Batting: RHB Erik Mulligan
|
0-0: Foul Ball, location: 2F 0-1: Called Strike 0-2: Foul Ball, location: 2F 0-2: Fly out, F9 (Flyball, 9LMF, EV 87.5 MPH)
|
Batting: SHB Don Hauk
|
0-0: Foul Ball, location: 2F 0-1: Swinging Strike 0-2: Ball Wild Pitch! Rob Colley to second 1-2: Ball Passed Ball! Rob Colley to third 2-2: Foul Ball, location: 2F 2-2: Strikes out swinging
|
Batting: RHB Pete Hutton
|
0-0: Called Strike 0-1: SINGLE (Line Drive, 89S, EV 102.5 MPH) Rob Colley scores
|
Batting: LHB Randy Boone
|
0-0: Ball Passed Ball! Pete Hutton to second 1-0: Called Strike 1-1: Ball Passed Ball! Pete Hutton to third 2-1: Fly out, F8 (Flyball, 8LXD, EV 85.6 MPH)
|
Top of the 3rd over - 1 run, 1 hit, 0 errors, 1 left on base; Bristol 2 - Kingsport 0 |
BOTTOM OF THE 3RD |
Kingsport Mets batting - Pitching for Bristol Pirates : LHP Alfredo Carranza
|
Batting: LHB Jason Jones
|
0-0: Bunt missed! 0-1: Ball 1-1: DOUBLE (Groundball, 3L, EV 104.4 MPH)
|
Batting: RHB Roberto Delgado
|
0-0: Ball 1-0: Ball 2-0: Called Strike 2-1: Swinging Strike 2-2: Strikes out swinging
|
Batting: SHB Tyler Maddux
|
0-0: Called Strike 0-1: Called Strike 0-2: Ball 1-2: Foul Ball, location: 2F 1-2: Ball 2-2: Ball 3-2: Foul Ball, location: 2F 3-2: Foul Ball, location: 2F 3-2: Ground out U3 (Groundball, 34, EV 102.5 MPH) Jason Jones to third
|
Batting: RHB Andy Carrell
|
0-0: SINGLE (Flyball, 7S, EV 89.4 MPH) Jason Jones scores
|
Batting: SHB Nick Daigle
|
0-0: Fly out, F6 (Popup, P, EV 73.1 MPH)
|
Bottom of the 3rd over - 1 run, 2 hits, 0 errors, 1 left on base; Bristol 2 - Kingsport 1 |
TOP OF THE 4TH |
Bristol Pirates batting - Pitching for Kingsport Mets : RHP Sandro Fibonacci
|
Batting: RHB Randy Bergman
|
0-0: Called Strike 0-1: Ground out 6-3 (Groundball, 56, EV 80.0 MPH)
|
Batting: RHB Alain Marquet
|
0-0: Called Strike 0-1: Ball 1-1: Ball 2-1: Called Strike 2-2: Ball 3-2: Foul Ball, location: 2F 3-2: DOUBLE (Line Drive, 7LM, EV 105.6 MPH)
|
Batting: RHB Frank Elizondo
|
0-0: Ball 1-0: Ball 2-0: Called Strike 2-1: Swinging Strike 2-2: Foul Ball, location: 2F 2-2: Foul Ball, location: 2F 2-2: Ball Passed Ball! Alain Marquet to third 3-2: Strikes out swinging
|
Batting: RHB Andrew DeRicco
|
0-0: Ball 1-0: Ball 2-0: Swinging Strike Passed Ball! Alain Marquet scores 2-1: Ball 3-1: Foul Ball, location: 2F 3-2: Base on Balls
|
Batting: RHB Rob Colley
|
0-0: Called Strike 0-1: Ball 1-1: Ball Passed Ball! Andrew DeRicco to second 2-1: Called Strike 2-2: Foul Ball, location: 2F 2-2: Strikes out swinging
|
Top of the 4th over - 1 run, 1 hit, 0 errors, 1 left on base; Bristol 3 - Kingsport 1 |
BOTTOM OF THE 4TH |
Kingsport Mets batting - Pitching for Bristol Pirates : LHP Alfredo Carranza
|
Batting: LHB Dan Bremseth
|
0-0: Ball 1-0: Ball 2-0: Fly out, F8 (Line Drive, 8RD, EV 96.9 MPH)
|
Pitching: RHP Onne Stubbe
|
|
Batting: LHB Miguel Ramos
|
0-0: Swinging Strike 0-1: Swinging Strike 0-2: Strikes out swinging
|
Batting: LHB Matt Baker
|
0-0: Foul Ball, location: 2F 0-1: Ball 1-1: Ball 2-1: Called Strike 2-2: Strikes out swinging
|
Bottom of the 4th over - 0 runs, 0 hits, 0 errors, 0 left on base; Bristol 3 - Kingsport 1 |
TOP OF THE 5TH |
Bristol Pirates batting - Pitching for Kingsport Mets : RHP Sandro Fibonacci
|
Batting: RHB Erik Mulligan
|
0-0: Ball 1-0: Ground out 5-3 (Groundball, 56, EV 99.4 MPH)
|
Batting: SHB Don Hauk
|
0-0: Called Strike 0-1: Ball 1-1: Fly out, F6 (Line Drive, 6, EV 70.6 MPH)
|
Batting: RHB Pete Hutton
|
0-0: Ball 1-0: Ball 2-0: Swinging Strike 2-1: Swinging Strike 2-2: Strikes out looking
|
Top of the 5th over - 0 runs, 0 hits, 0 errors, 0 left on base; Bristol 3 - Kingsport 1 |
BOTTOM OF THE 5TH |
Kingsport Mets batting - Pitching for Bristol Pirates : RHP Onne Stubbe
|
Batting: RHB Coltin Nellis
|
0-0: Ball 1-0: Ball 2-0: Ball 3-0: Called Strike 3-1: Base on Balls
|
Batting: LHB Jason Jones
|
0-0: Ball 1-0: Ball 2-0: Bunted foul 2-1: Reached on error, E2 (Groundball, 2R, EV 43.8 MPH) Coltin Nellis to third
|
Batting: RHB Roberto Delgado
|
0-0: Called Strike 0-1: Foul Ball, location: 2F 0-2: Ball 1-2: Ball 2-2: DOUBLE (Flyball, 8RD, EV 100.6 MPH) Coltin Nellis scores Jason Jones scores
|
Batting: SHB Tyler Maddux
|
0-0: Called Strike 0-1: Ball 1-1: Fly out, F9 (Line Drive, 9S, EV 108.1 MPH) Lined into DP, 9-6 (Line Drive, 9S, EV 108.1 MPH)
|
Batting: RHB Andy Carrell
|
0-0: Foul Ball, location: 2F 0-1: SINGLE (Groundball, 25, EV 62.5 MPH) (infield hit)
|
Batting: SHB Nick Daigle
|
0-0: Called Strike 0-1: Foul Ball, location: 2F 0-2: Ball 1-2: Foul Ball, location: 2F 1-2: SINGLE (Groundball, 4MD, EV 105.0 MPH) Andy Carrell to second
|
Batting: LHB Dan Bremseth
|
0-0: Called Strike 0-1: Ball 1-1: Ball 2-1: Ball 3-1: Base on Balls Andy Carrell to third Nick Daigle to second
|
Batting: LHB Miguel Ramos
|
0-0: Ball 1-0: Ball 2-0: Ball 3-0: Called Strike 3-1: Base on Balls Andy Carrell scores Nick Daigle to third Dan Bremseth to second
|
Batting: LHB Matt Baker
|
0-0: Swinging Strike 0-1: SINGLE (Line Drive, 4M, EV 98.1 MPH) Nick Daigle scores Dan Bremseth to third Miguel Ramos to second Runner from 3rd tries for Home, throw by CF and OUT! 8-2
|
Bottom of the 5th over - 4 runs, 4 hits, 1 error, 2 left on base; Bristol 3 - Kingsport 5 |
TOP OF THE 6TH |
Bristol Pirates batting - Pitching for Kingsport Mets : RHP Sandro Fibonacci
|
Batting: LHB Randy Boone
|
0-0: Swinging Strike 0-1: Ball 1-1: Foul Ball, location: 2F 1-2: Foul Ball, location: 2F 1-2: Strikes out swinging
|
Batting: RHB Randy Bergman
|
0-0: Fly out, F7 (Line Drive, 7LM, EV 97.5 MPH)
|
Batting: RHB Alain Marquet
|
0-0: Ball 1-0: Ball 2-0: Ball 3-0: Called Strike 3-1: Called Strike 3-2: Foul Ball, location: 2F 3-2: Base on Balls
|
Batting: RHB Frank Elizondo
|
0-0: Ball 1-0: Foul Ball, location: 2F 1-1: Swinging Strike Passed Ball! Alain Marquet to second 1-2: Foul Ball, location: 2F 1-2: Ball 2-2: Ball 3-2: Foul Ball, location: 2F 3-2: Base on Balls
|
Pitching: LHP Tony Diaz
|
|
Batting: RHB Andrew DeRicco
|
0-0: Ball 1-0: Called Strike 1-1: Ball 2-1: Called Strike 2-2: Strikes out looking
|
Top of the 6th over - 0 runs, 0 hits, 0 errors, 2 left on base; Bristol 3 - Kingsport 5 |
BOTTOM OF THE 6TH |
Kingsport Mets batting - Pitching for Bristol Pirates : RHP Onne Stubbe
|
Batting: RHB Coltin Nellis
|
0-0: Foul Ball, location: 2F 0-1: Foul Ball, location: 2F 0-2: Ball 1-2: SOLO HOME RUN (Flyball, 8LXD, EV 109.4 MPH), Distance : 451 ft
|
Batting: LHB Jason Jones
|
0-0: Ball 1-0: Ball 2-0: Foul Ball, location: 2F 2-1: Ball 3-1: Base on Balls
|
Batting: RHB Roberto Delgado
|
0-0: Swinging Strike 0-1: Ball Wild Pitch! Jason Jones to second 1-1: Foul Ball, location: 2F 1-2: Foul Ball, location: 2F 1-2: Ball 2-2: Strikes out swinging
|
Batting: SHB Tyler Maddux
|
0-0: 2-RUN HOME RUN (Flyball, 89XD, EV 100.0 MPH), Distance : 398 ft
|
Batting: RHB Andy Carrell
|
0-0: Ball 1-0: Foul Ball, location: 2F 1-1: Ground out 6-3 (Groundball, 56, EV 83.8 MPH)
|
Pitching: LHP Adam Clarke
|
|
Batting: SHB Nick Daigle
|
0-0: Called Strike 0-1: Ground out 6-3 (Groundball, 6, EV 83.1 MPH)
|
Bottom of the 6th over - 3 runs, 2 hits, 0 errors, 0 left on base; Bristol 3 - Kingsport 8 |
TOP OF THE 7TH |
Bristol Pirates batting - Pitching for Kingsport Mets : LHP Tony Diaz
|
Batting: RHB Rob Colley
|
0-0: Reached on error, E4 (Groundball, 4, EV 100.6 MPH)
|
Batting: RHB Erik Mulligan
|
0-0: Called Strike 0-1: Swinging Strike 0-2: Ball 1-2: Ball 2-2: Strikes out swinging
|
Batting: SHB Don Hauk
|
0-0: Called Strike 0-1: Ball Wild Pitch! Rob Colley to second 1-1: Foul Ball, location: 2F 1-2: Strikes out looking
|
Batting: RHB Pete Hutton
|
0-0: SINGLE (Groundball, 6MD, EV 109.4 MPH) Rob Colley to third
|
Batting: LHB Randy Boone
|
0-0: Ball Wild Pitch! Rob Colley scores Pete Hutton to second 1-0: Called Strike 1-1: Ground out U3 (Groundball, 3, EV 88.1 MPH)
|
Top of the 7th over - 1 run, 1 hit, 1 error, 1 left on base; Bristol 4 - Kingsport 8 |
BOTTOM OF THE 7TH |
Kingsport Mets batting - Pitching for Bristol Pirates : LHP Adam Clarke
|
Batting: LHB Dan Bremseth
|
0-0: Called Strike 0-1: Ball 1-1: Ball 2-1: Ball 3-1: Called Strike 3-2: Ground out 4-3 (Groundball, 4S, EV 85.0 MPH)
|
Batting: LHB Miguel Ramos
|
0-0: Called Strike 0-1: Called Strike 0-2: Ball 1-2: Strikes out swinging
|
Batting: LHB Matt Baker
|
0-0: Ball 1-0: SINGLE (Groundball, 25, EV 60.6 MPH) (infield hit)
|
Batting: RHB Coltin Nellis
|
0-0: Ball Matt Baker steals 2nd base 1-0: Ball 2-0: Called Strike 2-1: Ball 3-1: Foul Ball, location: 2F 3-2: Base on Balls
|
Batting: LHB Jason Jones
|
0-0: Foul Ball, location: 2F 0-1: Ball 1-1: Ball 2-1: Ball 3-1: Base on Balls Matt Baker to third Coltin Nellis to second
|
Batting: RHB Roberto Delgado
|
0-0: Ball 1-0: Hit by Pitch Matt Baker scores Coltin Nellis to third Jason Jones to second
|
Batting: SHB Tyler Maddux
|
0-0: Ball 1-0: TRIPLE (Line Drive, 89XD, EV 99.4 MPH) Coltin Nellis scores Jason Jones scores Roberto Delgado scores
|
Batting: RHB Andy Carrell
|
0-0: Ball 1-0: Fly out, F9 (Flyball, 9, EV 95.6 MPH)
|
Bottom of the 7th over - 4 runs, 2 hits, 0 errors, 1 left on base; Bristol 4 - Kingsport 12 |
TOP OF THE 8TH |
Bristol Pirates batting - Pitching for Kingsport Mets : LHP Tony Diaz
|
Pitching: RHP Rob Fennell
|
|
Batting: RHB Randy Bergman
|
0-0: Swinging Strike 0-1: Swinging Strike 0-2: Strikes out looking
|
Batting: RHB Alain Marquet
|
0-0: Called Strike 0-1: Ball 1-1: Ground out 6-3 (Groundball, 6, EV 83.8 MPH)
|
Batting: RHB Frank Elizondo
|
0-0: Swinging Strike 0-1: Ball 1-1: Swinging Strike 1-2: Foul Ball, location: 2F 1-2: Ground out 5-3 (Groundball, 56S, EV 89.4 MPH)
|
Top of the 8th over - 0 runs, 0 hits, 0 errors, 0 left on base; Bristol 4 - Kingsport 12 |
BOTTOM OF THE 8TH |
Kingsport Mets batting - Pitching for Bristol Pirates : LHP Adam Clarke
|
Batting: SHB Nick Daigle
|
0-0: Ball 1-0: Ball 2-0: Ball 3-0: Base on Balls
|
Batting: LHB Dan Bremseth
|
0-0: Foul Ball, location: 2F 0-1: Swinging Strike 0-2: Foul Ball, location: 2F 0-2: Ball 1-2: Fly out, F9 (Flyball, 89M, EV 86.2 MPH)
|
Batting: LHB Miguel Ramos
|
0-0: Ball 1-0: Swinging Strike 1-1: Ball 2-1: Ball 3-1: Base on Balls Nick Daigle to second
|
Batting: LHB Matt Baker
|
0-0: SINGLE (Line Drive, 7LS, EV 91.2 MPH) Nick Daigle to third Miguel Ramos to second
|
Batting: RHB Coltin Nellis
|
0-0: Swinging Strike 0-1: SINGLE (Groundball, P, EV 85.0 MPH) (infield hit) Nick Daigle scores Miguel Ramos to third Matt Baker to second
|
Pinch Hitting: RHB Warren Carmichael
|
0-0: Foul Ball, location: 2F 0-1: Ball 1-1: Fly out, F9 (Flyball, 9, EV 91.9 MPH)
|
Batting: RHB Roberto Delgado
|
0-0: Called Strike 0-1: Called Strike 0-2: Ball 1-2: Ball 2-2: Reached on error, E8 (Flyball, 78D, EV 96.9 MPH) Miguel Ramos scores Matt Baker scores Coltin Nellis to third
|
Pitching: RHP Steve Terres
|
|
Pinch Hitting: RHB Chris Graham
|
0-0: SINGLE (Flyball, 6D, EV 94.4 MPH) Coltin Nellis scores Roberto Delgado to third
|
Batting: RHB Andy Carrell
|
0-0: Foul Ball, location: 2F 0-1: Ball Wild Pitch! Roberto Delgado scores Chris Graham to second 1-1: Ground out 5-3 (Groundball, 56S, EV 89.4 MPH)
|
Bottom of the 8th over - 5 runs, 3 hits, 1 error, 1 left on base; Bristol 4 - Kingsport 17 |
TOP OF THE 9TH |
Bristol Pirates batting - Pitching for Kingsport Mets : RHP Rob Fennell
|
Now at 3B: Warren Carmichael
|
|
Now at SS: Chris Graham
|
|
Batting: RHB Andrew DeRicco
|
0-0: Called Strike 0-1: Fly out, F6 (Line Drive, 6M, EV 70.0 MPH)
|
Batting: RHB Rob Colley
|
0-0: Ball 1-0: Called Strike 1-1: Called Strike 1-2: Foul Ball, location: 2F 1-2: Foul Ball, location: 2F 1-2: Ball 2-2: Strikes out swinging
|
Pitching: RHP Pat Sprague
|
|
Batting: RHB Erik Mulligan
|
0-0: Ball 1-0: Ball 2-0: Ball 3-0: Called Strike 3-1: Base on Balls
|
Batting: SHB Don Hauk
|
0-0: Ground out 1-3 (Groundball, 13S, EV 64.4 MPH)
|
Top of the 9th over - 0 runs, 0 hits, 0 errors, 1 left on base; Bristol 4 - Kingsport 17 |
|